 Dungeon Crawl Stone Soup version 0.16.0-17-g811c1d7 (webtiles) character file.

4688 Chiseanne the Covered (level 10, -9/77 HPs)
             Began as a Demonspawn Wanderer on Mar 20, 2015.
             Was an Initiate of Qazlal.
             Mangled by a tentacled starspawn (29 damage)
             ... on level 1 of the Abyss.
             The game lasted 00:35:13 (9614 turns).

Chiseanne the Covered (Demonspawn Wanderer)         Turns: 9614, Time: 00:35:13

Health: -9/77      AC: 17    Str: 15    XL:     10   Next: 21%
Magic:  16/16      EV: 16    Int: 14    God:    Qazlal [......]
Gold:   320        SH:  5    Dex: 13    Spells: 0 memorised, 13 levels left

rFire  + . .     SeeInvis .     a - +4 falchion (freeze)
rCold  + . .     Clarity  .     e - +2 scale mail
rNeg   . . .     SustAb   .     p - +0 buckler
rPois  .         Gourm    .     (helmet restricted)
rElec  .         Spirit   .     (no cloak)
rCorr  .         Warding  .     (no gloves)
rMut   .         Stasis   .     G - +2 pair of boots
MR     .....                    (no amulet)
Stlth  ..........               A - ring of protection from fire
                                q - +4 ring of evasion

@: not resistant to hostile enchantments, extremely unstealthy
A: antennae 1, iridescent scales 1, cold resistance 1, powered by pain 1,
screaming 1, freezing cloud immunity, MP-powered wands 1
a: Renounce Religion


You were on level 1 of the Abyss.
You worshipped Qazlal.
Qazlal was noncommittal.
You were very full.

You visited 2 branches of the dungeon, and saw 9 of its levels.
You visited the Abyss 1 time.
You also visited: Sewer.

You collected 320 gold pieces.

Inventory:

Hand weapons
 a - a +4 falchion of freezing (weapon)
 n - a +4 scimitar of flaming
 s - a +1 spear of venom
 v - a +1 war axe of venom
 w - a +0 blowgun
Missiles
 g - 84 sling bullets
 i - 22 steel bolts
 r - 19 poisoned needles
 B - 2 tomahawks (quivered)
 C - 11 bolts of frost
Armour
 e - a +2 scale mail (worn)
 p - a +0 buckler (worn)
 G - a +2 pair of boots (worn)
Jewellery
 q - a +4 ring of evasion (left hand)
 y - an uncursed ring of wizardry
 z - an uncursed amulet of stasis
 A - a ring of protection from fire (right hand)
Magical devices
 d - a wand of digging (17)
 l - a wand of digging (2)
 x - a wand of disintegration (0)
Scrolls
 h - 5 scrolls of remove curse
 m - a scroll of teleportation
 u - a scroll of identify
 E - 2 scrolls of fear
Potions
 c - 3 potions of curing
 k - 3 potions of restore abilities
 o - a potion of haste
Books
 b - the Volume of Cold

   Spells                             Type                      Level
   a - Freeze                         Ice                          1
   b - Ensorcelled Hibernation        Hexes/Ice                    2
 F - a Young Poisoner's Handbook

   Spells                             Type                      Level
   a - Sting                          Conjuration/Poison           1
   b - Cure Poison                    Poison                       2
   c - Mephitic Cloud                 Conjuration/Poison/Air       3
   d - Olgreb's Toxic Radiance        Poison                       4
   e - Venom Bolt                     Conjuration/Poison           5
Comestibles
 f - 6 bread rations
 j - 7 meat rations
 t - 3 fruits


   Skills:
 * Level 6.4 Fighting
 - Level 6.1 Long Blades
   Level 2.6 Bows
 - Level 1.0 Throwing
 * Level 6.8 Armour
 * Level 6.7 Dodging
 - Level 1.0 Stealth
 * Level 4.0 Shields
 - Level 2.0 Spellcasting
   Level 1.7 Fire Magic


You had 13 spell levels left.
You didn't know any spells.

Dungeon Overview and Level Annotations

Branches:
Dungeon (8/15)             Temple (1/1) D:7
   Lair: D:8-11

Altars:
Cheibriados
Dithmenos
Elyvilon
Kikubaaqudgha
Makhleb
Okawaru
Qazlal
Ru
Sif Muna
Trog
Xom
Zin

Annotations:
D:4 Menkaure
D:8 Psyche


Innate Abilities, Weirdness & Mutations

You have a pair of small antennae on your head.
You are partially covered in iridescent scales (AC +4).
Your flesh is cold resistant.
You sometimes gain a little power by taking damage.
You are immune to freezing clouds.
You occasionally shout uncontrollably at your foes.
You expend magic power (3 MP) to slightly strengthen your wands.


Message History

The neqoxec shouts!
You slash the tentacled starspawn!! You freeze the tentacled starspawn.
The starspawn tentacle loses its grip on you.
The tentacled starspawn is heavily damaged.
The tentacled starspawn closely misses you.
You block the tentacled starspawn's attack.
The starspawn tentacle misses you.
You hit the tentacled starspawn but do no damage.
The tentacled starspawn is heavily damaged.
You block the tentacled starspawn's attack.
The tentacled starspawn engulfs you.
* * * LOW HITPOINT WARNING * * *
The starspawn tentacle grabs you.
* * * LOW HITPOINT WARNING * * *
The starspawn tentacle constricts you.
You hit the tentacled starspawn but do no damage.
The starspawn tentacle loses its grip on you.
The tentacled starspawn is heavily damaged.
The tentacled starspawn bites you!!
You die...

.... ..... #
.###...## #
....#.....#. ....
.......... #....
.....# . ..
##.%.###...###...
#.....#.....#.....#
....................
........@....3... ..
........Xw..........
#.....#.....#.. ..#
##...###...###...#
#.... .....# ..
.......#...# ..
...... .#.# ... .
.#.# . .#.#


You could see a tentacled starspawn, a neqoxec and a starspawn tentacle.

Vanquished Creatures
  A satyr (shapeshifter) (Abyss:1)
  A smoke demon (Abyss:1)
  An efreet (Abyss:1)
  A small abomination (Abyss:1)
  A hippogriff (D:7)
  A hungry ghost (D:8)
  3 centaurs (D:6)
  A sky beast (D:7)
  6 ogres
  4 ice beasts
  3 giant frogs
  A crocodile (D:5)
  A gnoll sergeant (D:7)
  A wyvern skeleton (D:5)
  A scorpion (D:5)
  10 wights (D:6)
  3 killer bees (D:8)
  2 crimson imps
  8 hounds
  A centaur zombie (D:6)
  2 jellies
  A quasit (Abyss:1)
  5 orc wizards
  7 worker ants
  A worker ant zombie (D:5)
  Robin (D:2)
  8 adders
  6 gnolls (D:7)
  A shadow imp (D:5)
  4 giant mites
  A white imp (Abyss:1)
  2 worms
  An adder skeleton (D:8)
  10 giant geckos
  An ooze (D:7)
  26 orcs
  3 giant cockroaches (D:3)
  20 goblins
  20 hobgoblins
  14 jackals
  15 kobolds
  2 quokkas
  3 ball pythons
  13 bats
  A giant cockroach zombie (D:5)
  2 giant gecko skeletons (D:6)
  9 giant newts
  A giant spore (D:8)
  A jackal zombie (D:7)
  A quokka skeleton (D:5)
  A quokka zombie (D:5)
  10 rats
  5 plants (Sewer)
  A starspawn tentacle (Abyss:1)
  A starspawn tentacle segment (Abyss:1)
251 creatures vanquished.

Vanquished Creatures (others)
  A centaur (D:8)
  An adder (D:8)
  An orc (D:8)
  A kobold (D:8)
  A plant (Sewer)
  12 starspawn tentacles (Abyss:1)
  206 starspawn tentacle segments (Abyss:1)
223 creatures vanquished.

Grand Total: 474 creatures vanquished

Notes
Turn   | Place    | Note
--------------------------------------------------------------
     0 | D:1      | Chiseanne, the Demonspawn Wanderer, began the quest for the Orb.
     0 | D:1      | Chiseanne set off with: a +2 scale mail, the Volume of Cold, a potion of curing, a +0 club, a bread ration
     0 | D:1      | Reached XP level 1. HP: 15/15 MP: 2/2
     0 | D:1      | Identified the Volume of Cold
     2 | D:1      | Noticed a formicid
     2 | D:1      | Noticed a gargoyle
     4 | D:1      | Noticed a merfolk
     4 | D:1      | Noticed a vampire
     6 | D:1      | Noticed an elf
     6 | D:1      | Noticed an ogre
     8 | D:1      | Noticed a vine stalker
     8 | D:1      | Noticed a spriggan
    10 | D:1      | Noticed a centaur
    12 | D:1      | Noticed an octopode
    12 | D:1      | Noticed a felid
    14 | D:1      | Noticed a minotaur
    16 | D:1      | Noticed a draconian
    18 | D:1      | Noticed a naga
    18 | D:1      | Noticed a troll
    20 | D:1      | Noticed a human
    20 | D:1      | Noticed a demonspawn
    22 | D:1      | Noticed a tengu
    24 | D:1      | Noticed a ghoul
    24 | D:1      | Noticed a dwarf
    26 | D:1      | Noticed a demigod
   480 | D:1      | Gained mutation: You sometimes gain a little power by taking damage. [demonic ancestry]
   480 | D:1      | Reached XP level 2. HP: 21/21 MP: 3/3
  1028 | D:2      | Gained mutation: You are partially covered in iridescent scales (AC +4). [demonic ancestry]
  1028 | D:2      | Reached XP level 3. HP: 26/26 MP: 4/4
  1209 | D:2      | Found a bloodstained altar of Trog.
  1262 | D:2      | Found an iron altar of Okawaru.
  1485 | D:2      | Noticed Robin
  1512 | D:2      | Killed Robin
  1524 | D:2      | Reached XP level 4. HP: 18/33 MP: 6/6
  1847 | D:2      | Found a snail-covered altar of Cheibriados.
  2212 | D:3      | Found a glowing drain.
  2234 | Sewer    | Entered a sewer
  2675 | Sewer    | Reached skill level 3 in Armour
  3433 | D:3      | Reached XP level 5. HP: 40/40 MP: 9/9
  3542 | D:3      | Found an ancient bone altar of Kikubaaqudgha.
  4507 | D:4      | Reached skill level 4 in Armour
  4507 | D:4      | Gained mutation: Your flesh is cold resistant. [demonic ancestry]
  4507 | D:4      | Reached XP level 6. HP: 42/47 MP: 10/10
  4607 | D:4      | Reached skill level 1 in Dodging
  4712 | D:4      | Noticed Menkaure
  4779 | D:5      | Entered Level 5 of the Dungeon
  4806 | D:5      | Reached skill level 1 in Shields
  4905 | D:5      | Reached XP level 7. HP: 39/53 MP: 12/12
  5148 | D:5      | Reached skill level 5 in Armour
  5459 | D:5      | Identified a scroll of acquirement
  5601 | D:5      | Found a deep blue altar of Sif Muna.
  5636 | D:5      | Gained mutation: You have a pair of small antennae on your head. [demonic ancestry]
  5636 | D:5      | Reached XP level 8. HP: 61/61 MP: 13/13
  5987 | D:6      | Reached skill level 5 in Fighting
  6265 | D:6      | Reached skill level 6 in Armour
  6698 | D:6      | Reached skill level 5 in Dodging
  6778 | D:6      | Reached skill level 1 in Long Blades
  6907 | D:6      | Reached XP level 9. HP: 68/68 MP: 14/14
  7372 | D:7      | Reached skill level 5 in Long Blades
  7375 | D:7      | Found a staircase to the Ecumenical Temple.
  7421 | Temple   | Entered the Ecumenical Temple
  7522 | Temple   | Became a worshipper of Qazlal Stormbringer
  8246 | D:8      | Found a shimmering altar of Xom.
  8397 | D:8      | Noticed Psyche
  8562 | D:8      | Cast into the Abyss (Psyche)
  8653 | Abyss:1  | Noticed a thrashing horror
  8689 | Abyss:1  | Noticed an apocalypse crab
  8722 | Abyss:1  | Noticed an anaconda
  8724 | Abyss:1  | Noticed a satyr
  8724 | Abyss:1  | an anaconda changed into a satyr
  8736 | Abyss:1  | Killed a satyr
  8736 | Abyss:1  | Gained mutation: You are immune to freezing clouds. [demonic ancestry]
  8736 | Abyss:1  | Reached XP level 10. HP: 57/76 MP: 16/16
  8741 | Abyss:1  | Gained mutation: You expend magic power (3 MP) to slightly strengthen your wands. [mutagenic meat]
  8742 | Abyss:1  | Gained mutation: You occasionally shout uncontrollably at your foes. [mutagenic meat]
  8780 | Abyss:1  | Found a corrupted altar of Lugonu.
  8780 | Abyss:1  | Noticed a bone dragon
  8800 | Abyss:1  | Found a corrupted altar of Lugonu.
  9185 | Abyss:1  | Noticed a thrashing horror
  9521 | Abyss:1  | Noticed a tentacled starspawn
  9570 | Abyss:1  | Noticed a thrashing horror
  9576 | Abyss:1  | Noticed a tentacled starspawn
  9614 | Abyss:1  | Mangled by a tentacled starspawn

Action                   |  1- 3 |  4- 6 |  7- 9 | 10-12 || total
-------------------------+-------+-------+-------+-------++-------
Melee: Club              |    21 |       |       |       ||    21
       Short sword       |   105 |   479 |   226 |       ||   810
       Falchion          |       |       |   229 |    38 ||   267
       Dagger            |       |       |    49 |       ||    49
       Long sword        |       |       |    12 |       ||    12
 Fire: Blowgun           |       |    46 |    38 |       ||    84
Throw: Tomahawk          |       |       |     2 |       ||     2
Evoke: Wand              |       |     5 |     8 |       ||    13
  Use: Scroll            |     7 |     5 |     9 |     3 ||    24
       Potion            |     1 |     1 |     8 |       ||    10
  Eat: Chunk             |     2 |    11 |     8 |     2 ||    23
       Beef jerky        |       |       |     1 |       ||     1
       Fruit             |       |       |    13 |       ||    13
       Pizza             |       |       |       |     2 ||     2
